Map: Eternal Empire LE

Players

JoZchi - Winner!

  • Race: Protoss Protoss
  • League: Master
  • Spawn Location: 1:00

A.I. 1 (Very Easy)

  • Race: Zerg Zerg
  • Spawn Location: 7:00

VOD

Have the link to the VOD?

Description

Time

  • Played on: April 16, 2020, 3:48 p.m.
  • Length: 6:02
Show
View Real Time Build Order
Export as new Build Order

JoZchi Protoss - Winner!

Build Orders: 1 Gate Expand 

Get SALT Encoding   

  12  0:00  Probe  
  13  0:12  Probe  
  14  0:18  Pylon  
  14  0:25  Probe  
  15  0:37  Probe (Chrono Boost)  
  15  0:39  Gateway  
  16  0:46  Assimilator  
  16  0:48  Probe (Chrono Boost)  
  17  0:53  Probe (Chrono Boost)  
  18  1:04  Probe  
  19  1:22  Nexus  
  19  1:31  Cybernetics Core  
  19  1:34  Probe  
  20  1:41  Pylon  
  20  1:46  Probe  
  21  1:49  Assimilator  
  21  1:58  Probe  
  22  2:04  Stalker (Chrono Boost)  
  24  2:09  Warp Gate  
  24  2:10  Probe  
  25  2:22  Probe  
  26  2:27  Sentry  
  28  2:34  Gateway, Probe (Chrono Boost)  
  28  2:35  Probe (Chrono Boost)  
  30  2:43  Probe (Chrono Boost)  
  30  2:44  Probe (Chrono Boost)  
  32  2:46  Robotics Facility  
  32  2:48  Probe (Chrono Boost)  
  32  2:49  Probe  
  34  3:00  Sentry  
  34  3:01  Probe x2  
  38  3:08  Pylon  
  38  3:15  Probe (Chrono Boost)  
  40  3:20  Probe (Chrono Boost)  
  40  3:23  Probe (Chrono Boost)  
  42  3:27  Probe (Chrono Boost)  
  42  3:29  Probe  
  42  3:31  Pylon, Immortal (Chrono Boost)  
  47  3:38  Probe  
  48  3:52  Pylon  
  48  3:57  Sentry x2  
  48  4:01  Warp Prism (Chrono Boost)  
  48  4:02  Gateway  
  52  4:04  Gateway  
  52  4:09  Gateway  
  54  4:10  Gateway  
  54  4:15  Gateway  
  54  4:20  Gateway  
  54  4:25  Stalker  
  56  4:31  Pylon  
  56  4:32  Stalker  
  58  4:42  Pylon x2  
  58  4:53  Stalker  
  58  4:56  Stalker x2  
  58  4:59  Stalker  
  66  5:12  Stalker x2  
  66  5:13  Zealot  
  72  5:16  Zealot x2  
  72  5:20  Stalker  
  78  5:24  Zealot x2  
  82  5:34  Pylon  
  82  5:36  Stalker x2  
  82  5:42  Zealot x2  
  88  5:48  Zealot  
  92  5:51  Zealot  
  92  5:56  Pylon  
  94  5:57  Stalker  
Show
View Real Time Build Order
Export as new Build Order

A.I. 1 (Very Easy) Zerg 

Build Orders: Pool Only 

Get SALT Encoding   

  12  0:00  Drone  
  13  0:12  Overlord  
  13  0:17  Drone  
  14  0:35  Spawning Pool  
  13  0:37  Drone  
  13  0:41  Extractor  
  13  0:44  Drone  
  14  0:52  Overlord  
  14  1:21  Zergling x2  
  14  1:22  Queen  
  17  1:30  Roach Warren  
  16  1:34  Drone  
  16  1:37  Extractor  
  16  1:42  Drone  
  17  1:48  Zergling x2  
  18  2:01  Drone  
  19  2:08  Drone  
  20  2:16  Zergling x2  
  20  2:17  Drone  
  22  2:28  Overlord  
  22  2:30  Drone  
  23  2:37  Drone  
  23  2:43  Roach  
  26  2:44  Drone  
  27  5:13  Zergling x2  
  23  5:21  Overlord  
  23  5:33  Spawning Pool  
  23  5:34  Drone  
  22  5:40  Roach  
  22  5:41  Drone  
  22  5:48  Drone  
  15  5:52  Extractor  
Tags
 
Add a new tag
Caveats
  • Supply blocks, unpowered buildings, or Contaminate may cause inaccurate times.
  • Supply counts are checked every 10 seconds.